Map: Apotheosis LE

Players

Snute - Winner!

  • Race: Zerg Zerg

Stats

  • Race: Protoss Protoss

Event: 2016 WCS Global Finals

VOD

Have the link to the VOD?

Description

Time

  • Played on: Oct. 27, 2016, 12:01 p.m.
  • Length: 10:44

All games in this series

Show
View Real Time Build Order
Export as new Build Order

Snute Zerg - Winner!

Build Orders: Hatch First, Muta Ling Bane 

Get SALT Encoding   

  12  0:00  Drone  
  13  0:12  Overlord  
  13  0:16  Drone  
  14  0:30  Drone x2  
  14  0:34  Drone  
  17  0:51  Hatchery  
  17  0:55  Drone  
  17  0:58  Drone  
  17  1:01  Extractor  
  17  1:14  Spawning Pool  
  17  1:17  Drone  
  17  1:20  Drone  
  18  1:27  Drone  
  19  1:38  Overlord  
  19  1:49  Drone  
  20  1:59  Drone  
  20  2:00  Metabolic Boost  
  20  2:01  Queen  
  21  2:07  Queen  
  25  2:10  Zergling x2  
  25  2:13  Zergling x2  
  25  2:15  Drone  
  28  2:21  Drone  
  29  2:24  Drone  
  30  2:33  Drone  
  30  2:35  Drone  
  32  2:41  Hatchery  
  31  2:45  Overlord  
  31  2:47  Drone  
  32  2:53  Drone  
  32  2:58  Drone  
  34  3:01  Queen  
  34  3:04  Drone  
  37  3:09  Drone x4  
  41  3:15  Overlord  
  41  3:17  Drone x2  
  41  3:18  Drone  
  44  3:27  Overlord  
  44  3:34  Queen  
  44  3:37  Drone x2  
  44  3:40  Drone x3  
  51  3:42  Drone  
  51  3:46  Drone x3  
  51  3:47  Drone  
  56  3:54  Spore Crawler, Evolution Chamber  
  54  3:58  Spore Crawler  
  54  3:59  Drone  
  54  4:00  Spore Crawler  
  54  4:01  Drone  
  54  4:03  Drone x2  
  54  4:05  Drone  
  54  4:06  Drone  
  58  4:10  Drone  
  58  4:11  Drone x2  
  58  4:13  Overlord  
  58  4:16  Drone x2  
  63  4:19  Drone  
  63  4:20  Zerg Melee Weapons Level 1  
  63  4:22  Overlord  
  63  4:28  Hatchery  
  63  4:30  Drone x3  
  65  4:32  Drone  
  65  4:35  Drone, Extractor  
  66  4:39  Lair  
  66  4:45  Hatchery  
  65  4:46  Drone x3  
  65  4:47  Drone  
  65  4:48  Extractor  
  65  4:52  Drone, Roach Warren  
  68  4:53  Drone  
  68  4:54  Drone  
  68  4:56  Drone x2  
  68  4:57  Drone  
  73  5:00  Drone, Extractor  
  73  5:01  Baneling Nest, Drone  
  73  5:03  Drone  
  73  5:04  Drone  
  75  5:07  Drone x2  
  75  5:12  Drone  
  75  5:13  Drone x3  
  80  5:16  Drone x2  
  80  5:19  Extractor  
  80  5:20  Extractor, Overlord  
  80  5:21  Drone x2  
  82  5:27  Overlord x2  
  82  5:37  Overlord  
  82  5:40  Drone  
  82  5:41  Spire  
  82  5:43  Drone x3  
  82  5:44  Drone x2  
  82  5:46  Spore Crawler  
  82  5:47  Queen  
  88  5:51  Roach  
  88  5:52  Roach x4  
  88  5:54  Zergling x12  
  104  6:00  Zergling x4  
  104  6:03  Centrifical Hooks  
  104  6:05  Zergling x6  
  107  6:12  Zergling x12  
  107  6:14  Zerg Melee Weapons Level 2  
  107  6:18  Queen  
  115  6:19  Overlord  
  115  6:20  Overlord  
  115  6:27  Overlord  
  115  6:28  Drone  
  115  6:30  Drone x3  
  118  6:40  Hatchery  
  118  6:47  Zergling x12  
  118  6:48  Zergling x2  
  118  6:53  Mutalisk x7  
  135  7:00  Overlord x3  
  135  7:01  Zergling x8, Overlord  
  138  7:02  Zergling x10  
  138  7:08  Spine Crawler  
  145  7:09  Spine Crawler  
  145  7:13  Spine Crawler, Zergling x10  
  148  7:19  Spore Crawler  
  148  7:22  Zergling x16  
  155  7:27  Queen  
  155  7:29  Overlord  
  157  7:32  Zergling x6  
  157  7:33  Zergling x8  
  163  7:49  Ravager  
  163  7:50  Ravager x4, Overlord  
  166  7:54  Zergling x24  
  174  8:04  Zergling x10  
  174  8:05  Zergling x12  
  185  8:06  Baneling x9  
  185  8:07  Baneling x29  
  185  8:08  Baneling x2  
  185  8:12  Zergling x8  
  189  8:19  Zergling x14  
  192  8:34  Zergling x10  
  192  8:35  Zergling x6  
  195  8:45  Zergling x2  
  195  8:46  Zergling x26  
  200  8:52  Zergling x10  
  193  9:02  Zergling x6  
  196  9:03  Zergling x6  
  196  9:05  Baneling  
  196  9:06  Baneling x28  
  199  9:11  Baneling x12  
  199  9:12  Baneling  
  199  9:23  Zergling x4  
  164  9:41  Zergling x16  
  164  9:42  Zergling x52  
  163  9:50  Zergling x14  
  166  9:54  Zergling x6  
  167  10:01  Zergling x4  
  167  10:02  Zergling x8  
  167  10:06  Roach x2  
  167  10:07  Roach  
  176  10:14  Baneling x20  
  176  10:15  Baneling x10  
  176  10:16  Baneling x4  
  176  10:17  Baneling  
  176  10:19  Zergling x4  
  175  10:40  Hatchery  
Show
View Real Time Build Order
Export as new Build Order

Stats Protoss 

Build Orders: Nexus First, Oracle Opening 

Get SALT Encoding   

  12  0:00  Probe (Chrono Boost)  
  13  0:11  Probe (Chrono Boost)  
  14  0:18  Pylon  
  14  0:22  Probe (Chrono Boost)  
  15  0:37  Probe (Chrono Boost)  
  16  0:47  Probe (Chrono Boost)  
  17  0:58  Probe (Chrono Boost)  
  18  1:04  Nexus  
  18  1:15  Gateway  
  18  1:18  Probe (Chrono Boost)  
  19  1:25  Assimilator  
  19  1:28  Probe (Chrono Boost)  
  19  1:30  Assimilator  
  20  1:39  Probe (Chrono Boost)  
  21  1:42  Pylon  
  21  1:49  Probe (Chrono Boost)  
  22  2:00  Probe (Chrono Boost)  
  23  2:03  Cybernetics Core  
  23  2:06  Zealot  
  25  2:10  Probe (Chrono Boost)  
  26  2:16  Probe (Chrono Boost)  
  26  2:21  Probe (Chrono Boost)  
  28  2:27  Probe (Chrono Boost)  
  29  2:31  Probe (Chrono Boost)  
  30  2:39  Mothership Core (Chrono Boost)  
  30  2:42  Probe (Chrono Boost)  
  33  2:46  Stargate  
  33  2:53  Probe (Chrono Boost)  
  33  2:55  Warp Gate  
  33  2:58  Probe (Chrono Boost)  
  35  3:00  Adept  
  35  3:01  Pylon  
  35  3:03  Probe (Chrono Boost)  
  38  3:08  Probe (Chrono Boost)  
  39  3:13  Pylon  
  39  3:14  Probe (Chrono Boost)  
  39  3:19  Probe (Chrono Boost)  
  41  3:26  Oracle  
  41  3:28  Nexus  
  44  3:37  Probe (Chrono Boost)  
  44  3:38  Probe (Chrono Boost)  
  44  3:39  Adept  
  48  3:46  Gateway  
  48  3:47  Probe (Chrono Boost)  
  49  3:50  Gateway, Probe (Chrono Boost)  
  49  3:53  Assimilator  
  50  3:57  Void Ray  
  50  3:58  Probe (Chrono Boost)  
  52  4:03  Probe (Chrono Boost)  
  52  4:08  Probe (Chrono Boost)  
  57  4:12  Assimilator  
  57  4:15  Pylon  
  57  4:19  Probe x2 (Chrono Boost)  
  57  4:21  Forge  
  59  4:30  Probe (Chrono Boost)  
  59  4:31  Robotics Facility, Probe (Chrono Boost)  
  61  4:40  Probe x2 (Chrono Boost), Protoss Ground Weapons Level 1  
  61  4:43  Pylon, Probe (Chrono Boost)  
  64  4:51  Probe x2 (Chrono Boost)  
  66  4:55  Probe (Chrono Boost)  
  66  4:59  Sentry x2  
  71  5:00  Sentry  
  71  5:02  Probe x2 (Chrono Boost)  
  76  5:08  Probe (Chrono Boost)  
  76  5:12  Probe x2 (Chrono Boost), Twilight Council  
  78  5:15  Pylon  
  78  5:17  Assimilator  
  78  5:19  Assimilator  
  78  5:20  Probe (Chrono Boost)  
  79  5:23  Probe x2 (Chrono Boost)  
  79  5:27  Warp Prism  
  81  5:29  Stalker, Sentry  
  81  5:32  Probe (Chrono Boost)  
  81  5:34  Blink  
  89  5:36  Probe (Chrono Boost)  
  89  5:37  Probe (Chrono Boost)  
  89  5:39  Pylon  
  90  5:43  Gateway x3  
  90  5:46  Gateway, Pylon  
  90  5:47  Gateway, Pylon  
  90  5:54  Photon Cannon  
  90  5:55  Pylon  
  90  6:00  Observer  
  91  6:04  Stalker x2  
  91  6:05  Stalker  
  97  6:15  Pylon  
  97  6:20  Nexus, Protoss Ground Weapons Level 2  
  97  6:22  Pylon  
  97  6:37  Templar Archives  
  97  6:40  Stalker x5  
  107  6:55  Photon Cannon  
  107  7:08  Stalker x5  
  115  7:09  Stalker x3  
  123  7:15  Psionic Storm  
  123  7:16  Photon Cannon, Pylon  
  123  7:17  Photon Cannon  
  123  7:23  Pylon  
  123  7:27  Photon Cannon  
  123  7:31  High Templar x2  
  123  7:34  Stalker  
  123  7:35  Charge, Stalker x2  
  133  7:41  Zealot x3  
  139  8:00  Gateway, Zealot x3  
  139  8:01  Gateway  
  139  8:03  Assimilator, Probe (Chrono Boost)  
  139  8:04  Probe x3 (Chrono Boost)  
  149  8:08  Assimilator  
  149  8:09  High Templar x2  
  153  8:17  Probe (Chrono Boost)  
  153  8:18  Probe x3 (Chrono Boost)  
  157  8:20  Pylon  
  157  8:22  Photon Cannon  
  157  8:25  Stalker  
  157  8:26  Stalker x2  
  161  8:29  Stalker  
  161  8:30  Zealot  
  159  8:48  Zealot x3  
  157  8:54  High Templar x2  
  157  8:55  Zealot x3  
  160  9:03  Probe (Chrono Boost)  
  160  9:05  Photon Cannon, Probe x3 (Chrono Boost)  
  160  9:07  Photon Cannon  
  164  9:19  Zealot x2  
  164  9:23  High Templar x4  
  176  9:27  Archon x2  
  174  9:32  Zealot x4  
  174  9:34  Archon  
  156  9:44  Archon  
  156  9:45  Zealot x2  
  103  9:48  Probe (Chrono Boost)  
  103  9:49  Probe x2 (Chrono Boost)  
  83  9:53  Zealot  
  83  9:54  Zealot x3  
  83  9:57  Stalker  
  83  9:58  Stalker x3  
  93  10:07  Zealot x2  
  97  10:12  Nexus  
  97  10:14  High Templar  
  97  10:15  High Templar  
  97  10:16  High Templar x2  
  97  10:21  Archon  
  105  10:22  High Templar x2  
  105  10:23  Zealot  
  105  10:27  Zealot  
Tags
 
Add a new tag
Caveats
  • Supply blocks, unpowered buildings, or Contaminate may cause inaccurate times.
  • Supply counts are checked every 10 seconds.